 Dungeon Crawl Stone Soup version 0.30-a0-170-g85af917532 (webtiles) character file.

Game seed: 8701888098665518331

4537 qw the Cleaver (level 10, 0/63 HPs)
             Began as a Gargoyle Fighter on Sept 30, 2022.
             Was a Priest of Okawaru.
             Slain by a death yak (16 damage)
             ... on level 8 of the Dungeon.
             The game lasted 00:03:16 (7973 turns).

qw the Cleaver (Gargoyle Fighter)                   Turns: 7973, Time: 00:03:16

Health: 0/63       AC: 23    Str: 30    XL:     10   Next: 40%
Magic:  11/13      EV:  9    Int:  9    God:    Okawaru [***...]
Gold:   201        SH: 17    Dex:  9    Spells: 9/9 levels left

rFire   . . .      SeeInvis .    Y - +4 war axe
rCold   . . .      Faith    .    b - +0 kite shield
rNeg    + . .      Spirit   .    p - +0 chain mail
rPois   inf        Reflect  +    j - +0 helmet
rElec   +          Harm     .    (no cloak)
rCorr   .          Rampage  .    q - +1 pair of gloves
Will    +....                    (no boots)
Stlth   ..........               c - amulet of reflection
HPRegen 0.20/turn                e - +6 ring of strength
MPRegen 0.13/turn                l - ring of willpower

@: heroic
A: sickness immunity, AC +7, negative energy resistance 1, electricity
resistance, torment resistance 1, petrification resistance
a: Renounce Religion, Heroism


You were on level 8 of the Dungeon.
You worshipped Okawaru.
Okawaru was most pleased with you.
You visited 2 branches of the dungeon, and saw 9 of its levels.

You collected 443 gold pieces.
You spent 242 gold pieces at shops.


Innate Abilities, Weirdness & Mutations

You are immune to sickness and miasma.
Your stone body is resilient. (AC +7)
You are immune to poison.
You resist negative energy. (rN+)
You are resistant to electric shocks. (rElec)
You are resistant to unholy torment.
You are immune to petrification.


   Skills:
 - Level 7.5(12.5) Fighting
 - Level 9.0(14.0) Axes
 - Level 1.3(6.3) Throwing
 - Level 5.8(10.8) Armour
 - Level 1.0(6.0) Dodging
 + Level 8.6(13.6) Shields
 - Level 4.0 Invocations


You had 9 spell levels left.
You didn't know any spells.
Your spell library was empty.

Inventory:

Hand Weapons
 o - a +2 morningstar
 Y - a +4 war axe (weapon)
Missiles
 t - 2 boomerangs (quivered)
Armour
 b - a +0 kite shield (worn)
 j - a +0 helmet (worn)
 k - a +0 cloak
 p - a +0 chain mail (worn)
 q - a +1 pair of gloves (worn)
Jewellery
 c - an amulet of reflection (around neck)
 e - a +6 ring of strength (left hand)
 i - a ring of resist corrosion
 l - a ring of willpower (right hand)
Scrolls
 m - 2 scrolls of identify
Potions
 a - 4 potions of curing
 d - 6 potions of might
 g - 2 potions of resistance
 h - a potion of attraction
 n - a potion of lignification
 s - a potion of mutation

Dungeon Overview and Level Annotations

Branches:
Dungeon (8/15)             Temple (1/1) D:5            Lair (0/5) D:8

Altars:
Ashenzari
Cheibriados
Dithmenos
Elyvilon
Fedhas
Gozag
Hepliaklqana
Kikubaaqudgha
Makhleb
Nemelex Xobeh
Okawaru
Qazlal
Sif Muna
Trog
Uskayaw
Vehumet
Wu Jian
Xom
Yredelemnul
Zin
The Shining One

Shops:
D:6 *   D:8 (

Annotations:
D:3 1 runed translucent door, Crazy Yiuf


Message History

The death yak is lightly wounded.
The death yak gores you!
You hit the death yak.
The death yak is lightly wounded.
You block the death yak's attack.
You barely miss the death yak.
The death yak is lightly wounded.
You block the death yak's attack.
You slash the death yak!
The death yak is moderately wounded.
You slash the death yak!
The death yak is heavily wounded.
The death yak gores you!
You hit the death yak.
The death yak is heavily wounded.
The death yak gores you.
You hit the death yak.
The death yak is severely wounded.
The death yak gores you but does no damage.
You slice the death yak!!
The death yak is almost dead.
The death yak barely misses you.
You slice the death yak!!
You kill the death yak!
Okawaru is honoured by your kill.
You feel like a meek peon again.
Your Armour skill increases to level 5!
7970 ||| INVOKING Heroism.
You gain the combat prowess of a mighty hero.
The death yak gores you!
You hit the death yak.
The death yak is lightly wounded.
You block the death yak's attack.
You slash the death yak!
The death yak is moderately wounded.
You block the death yak's attack.
You slash the death yak!
The death yak is moderately wounded.
The death yak gores you!
You die...

###.### # #.# ... # #.#
#...... # ####.####
#......## ## #.......#
#......(# #. #.##.##.#
#.......####~
#.##.######.........##~
#.##.##YYy.........YY..
#.....@# ........YY.#~
####.### #.......YY.~
#.# #.>.##....#. #..
(Y......$.... ##.
Y.Y.#...#..## .# .
.....#..# .#
........... ..
.###########


You could see 2 death yaks and a hornet.

Vanquished Creatures
  A death yak (D:8)
  Maurice (D:8)
  Grinder (D:6)
  Menkaure (D:7)
  2 water moccasins (D:5)
  Duvessa (D:7)
  2 ice beasts
  A black bear (D:5)
  A centaur (D:8)
  An ogre (D:5)
  2 phantoms (D:6)
  A kobold brigand (D:6)
  2 bullfrogs (D:4)
  3 necrophages
  2 scorpions
  9 wights (D:7)
  Dowan (D:7)
  9 killer bees
  4 howler monkeys (D:8)
  2 jellies
  5 hounds
  4 orc priests
  A gnoll bouda (D:7)
  6 iguanas
  2 orc wizards
  Robin (D:2)
  4 gnolls
  13 adders
  2 ufetubi
  2 dart slugs
  19 orcs
  5 bats
  5 endoplasms
  A giant cockroach (D:4)
  9 hobgoblins
  8 jackals
  11 kobolds
  5 quokkas
  3 training dummies (D:8)
  5 ball pythons
  6 frilled lizards
  16 goblins
  5 rats
185 creatures vanquished.

Notes
Turn   | Place    | Note
-------+----------+-------------------------------------------
     0 | D:1      | qw the Gargoyle Fighter began the quest for the Orb.
     0 | D:1      | Reached XP level 1. HP: 14/14 MP: 1/1
     0 | D:1      | 0 ||| qw: Version: 0.2-a-12-gaebbb33
     0 | D:1      | 0 ||| qw: Game counter: 1509
     0 | D:1      | 0 ||| qw: Always use a shield: true
     0 | D:1      | 0 ||| qw: God list: Okawaru
     0 | D:1      | 0 ||| qw: Allow faded altars: false
     0 | D:1      | 0 ||| qw: Do Orc after D:15 true
     0 | D:1      | 0 ||| qw: Do second Lair branch before Depths: true
     0 | D:1      | 0 ||| qw: Lair rune preference: random
     0 | D:1      | 0 ||| qw: Plans: Normal, Zot:1-4, God:TSO, Crypt, Tomb,
                  | Pan, Slime:5, Hells, Abyss, Orb
     0 | D:1      | 0 ||| PLANNING D:1-11
    21 | D:1      | Reached skill level 2 in Axes
    28 | D:1      | Reached XP level 2. HP: 12/19 MP: 2/2
   149 | D:1      | 149 ||| Stepping ~*~*~tactically~*~*~ (stealth).
   211 | D:1      | 211 ||| DRINKING 3 viscous dark potions.
   246 | D:1      | Found a faded altar of an unknown god.
   253 | D:1      | 253 ||| READING scroll labelled HANURINIES.
   325 | D:1      | 325 ||| READING scroll labelled AGAEGE IPIFOTI.
   326 | D:1      | 326 ||| DRINKING 2 orange potions.
   336 | D:1      | Reached skill level 3 in Axes
   374 | D:1      | 374 ||| READING scroll labelled EHORUNU MAO.
   375 | D:1      | 375 ||| DROPPING 2 potions of degeneration.
   376 | D:1      | 376 ||| Stepping randomly (stuck).
   377 | D:1      | 377 ||| Stepping randomly (stuck).
   378 | D:1      | 378 ||| Stepping randomly (stuck).
   379 | D:1      | 379 ||| Stepping randomly (stuck).
   381 | D:1      | 381 ||| Stepping randomly (stuck).
   424 | D:1      | 424 ||| Stepping randomly (stuck).
   439 | D:1      | Reached XP level 3. HP: 23/23 MP: 3/3
   692 | D:1      | 692 ||| READING scroll labelled DOSSABLO JIET.
   762 | D:2      | 762 ||| DROPPING +0 club.
   769 | D:2      | 769 ||| Stepping ~*~*~tactically~*~*~ (stealth).
   844 | D:2      | 844 ||| Stepping ~*~*~tactically~*~*~ (stealth).
   845 | D:2      | Noticed Robin
   846 | D:2      | 846 ||| Stepping ~*~*~tactically~*~*~ (hiding).
   852 | D:2      | 852 ||| Stepping ~*~*~tactically~*~*~ (stealth).
   857 | D:2      | Killed Robin
   875 | D:2      | 875 ||| FLEEEEING.
   876 | D:2      | 876 ||| FLEEEEING.
   878 | D:2      | 878 ||| FLEEEEING.
   879 | D:2      | 879 ||| FLEEEEING.
   882 | D:2      | 882 ||| FLEEEEING.
   883 | D:2      | 883 ||| FLEEEEING.
   884 | D:2      | 884 ||| FLEEEEING.
   885 | D:2      | 885 ||| FLEEEEING.
   886 | D:2      | 886 ||| FLEEEEING.
   887 | D:2      | 887 ||| FLEEEEING.
   890 | D:2      | 890 ||| FLEEEEING.
   891 | D:2      | 891 ||| FLEEEEING.
   892 | D:2      | 892 ||| FLEEEEING.
   893 | D:2      | 893 ||| FLEEEEING.
   894 | D:2      | 894 ||| FLEEEEING.
   895 | D:2      | 895 ||| FLEEEEING.
   896 | D:2      | 896 ||| FLEEEEING.
   897 | D:2      | 897 ||| FLEEEEING.
   898 | D:2      | 898 ||| FLEEEEING.
   899 | D:2      | 899 ||| FLEEEEING.
   900 | D:2      | 900 ||| FLEEEEING.
   901 | D:2      | 901 ||| FLEEEEING.
   902 | D:2      | 902 ||| FLEEEEING.
   903 | D:2      | 903 ||| FLEEEEING.
   904 | D:2      | 904 ||| FLEEEEING.
   905 | D:2      | 905 ||| FLEEEEING.
   906 | D:2      | 906 ||| FLEEEEING.
   907 | D:2      | 907 ||| FLEEEEING.
   909 | D:2      | 909 ||| FLEEEEING.
   910 | D:2      | 910 ||| FLEEEEING.
   911 | D:2      | 911 ||| FLEEEEING.
   912 | D:2      | 912 ||| FLEEEEING.
   913 | D:2      | 913 ||| FLEEEEING.
   914 | D:2      | 914 ||| FLEEEEING.
   915 | D:2      | 915 ||| FLEEEEING.
   916 | D:2      | 916 ||| FLEEEEING.
   917 | D:2      | 917 ||| FLEEEEING.
   918 | D:2      | 918 ||| FLEEEEING.
   919 | D:2      | 919 ||| FLEEEEING.
   920 | D:2      | 920 ||| FLEEEEING.
   921 | D:2      | 921 ||| FLEEEEING.
   922 | D:2      | 922 ||| FLEEEEING.
   923 | D:2      | 923 ||| FLEEEEING.
   925 | D:2      | 925 ||| FLEEEEING.
   926 | D:2      | 926 ||| FLEEEEING.
   927 | D:2      | 927 ||| FLEEEEING.
   929 | D:2      | 929 ||| FLEEEEING.
   930 | D:2      | 930 ||| FLEEEEING.
   932 | D:2      | 932 ||| FLEEEEING.
   933 | D:2      | 933 ||| FLEEEEING.
   934 | D:2      | 934 ||| FLEEEEING.
   935 | D:2      | 935 ||| FLEEEEING.
   936 | D:2      | 936 ||| FLEEEEING.
   937 | D:2      | 937 ||| FLEEEEING.
   939 | D:2      | 939 ||| STAIRDANCE
  1080 | D:2      | 1080 ||| STAIRDANCE
  1231 | D:2      | Reached XP level 4. HP: 22/28 MP: 4/4
  1420 | D:2      | Reached skill level 4 in Axes
  1420 | D:2      | 1420 ||| Stepping ~*~*~tactically~*~*~ (stealth).
  1889 | D:2      | 1889 ||| UPGRADING to +0 helmet.
  1894 | D:2      | 1894 ||| UPGRADING to +6 ring of strength.
  1895 | D:2      | 1895 ||| DRINKING 2 coppery potions.
  2299 | D:3      | 2299 ||| Stepping ~*~*~tactically~*~*~ (stealth).
  2301 | D:3      | 2301 ||| Stepping ~*~*~tactically~*~*~ (stealth).
  2413 | D:3      | Found a runed translucent door.
  2414 | D:3      | Noticed Crazy Yiuf
  2472 | D:3      | Reached XP level 5. HP: 32/32 MP: 5/5
  2600 | D:3      | 2600 ||| READING scroll labelled BAILUD IPIATE.
  2601 | D:3      | 2601 ||| READING 3 scrolls labelled PUGGUKLANT.
  2602 | D:3      | 2602 ||| READING scroll labelled TOSYBI KEXZUVI.
  2603 | D:3      | 2603 ||| READING scroll labelled EMUUVI VASYID.
  2604 | D:3      | 2604 ||| READING 2 scrolls of identify.
  2604 | D:3      | 2604 ||| IDENTIFYING fizzy grey potion
  2798 | D:4      | Reached skill level 5 in Axes
  2798 | D:4      | Reached XP level 6. HP: 24/37 MP: 6/6
  3026 | D:4      | 3026 ||| Stepping ~*~*~tactically~*~*~ (stealth).
  3033 | D:4      | Reached skill level 1 in Dodging
  3224 | D:4      | 3224 ||| Stepping ~*~*~tactically~*~*~ (stealth).
  3226 | D:4      | 3226 ||| Stepping ~*~*~tactically~*~*~ (stealth).
  3240 | D:4      | 3240 ||| Stepping ~*~*~tactically~*~*~ (stealth).
  3273 | D:4      | 3273 ||| FLEEEEING.
  3274 | D:4      | 3274 ||| FLEEEEING.
  3275 | D:4      | 3275 ||| FLEEEEING.
  3276 | D:4      | 3276 ||| FLEEEEING.
  3277 | D:4      | 3277 ||| FLEEEEING.
  3278 | D:4      | 3278 ||| FLEEEEING.
  3279 | D:4      | 3279 ||| FLEEEEING.
  3280 | D:4      | 3280 ||| FLEEEEING.
  3281 | D:4      | 3281 ||| FLEEEEING.
  3282 | D:4      | 3282 ||| FLEEEEING.
  3283 | D:4      | 3283 ||| FLEEEEING.
  3284 | D:4      | 3284 ||| FLEEEEING.
  3285 | D:4      | 3285 ||| FLEEEEING.
  3286 | D:4      | 3286 ||| FLEEEEING.
  3287 | D:4      | 3287 ||| FLEEEEING.
  3288 | D:4      | 3288 ||| FLEEEEING.
  3289 | D:4      | 3289 ||| FLEEEEING.
  3290 | D:4      | 3290 ||| STAIRDANCE
  3378 | D:3      | 3378 ||| UPGRADING to +0 chain mail.
  3388 | D:3      | 3388 ||| DROPPING +0 scale mail.
  3389 | D:3      | 3389 ||| READING 4 scrolls labelled XOUNATUEDU.
  3390 | D:3      | 3390 ||| READING 3 scrolls of enchant weapon.
  3390 | D:3      | 3390 ||| ENCHANTING +1 war axe.
  3391 | D:3      | 3391 ||| READING 2 scrolls of enchant weapon.
  3391 | D:3      | 3391 ||| ENCHANTING +2 war axe.
  3392 | D:3      | 3392 ||| READING scroll of enchant weapon.
  3392 | D:3      | 3392 ||| ENCHANTING +3 war axe.
  3393 | D:3      | 3393 ||| READING scroll labelled CASTEO ICKONWA.
  3394 | D:3      | 3394 ||| READING 2 scrolls of identify.
  3394 | D:3      | 3394 ||| IDENTIFYING metallic black potion
  3467 | D:4      | 3467 ||| Stepping ~*~*~tactically~*~*~ (stealth).
  3517 | D:4      | 3517 ||| DROPPING +0 mace.
  3528 | D:4      | 3528 ||| UPGRADING to +0 pair of gloves.
  3558 | D:5      | Entered Level 5 of the Dungeon
  3610 | D:5      | Noticed a water moccasin
  3620 | D:5      | Killed a water moccasin
  3621 | D:5      | Reached skill level 6 in Axes
  3621 | D:5      | Reached XP level 7. HP: 24/43 MP: 7/7
  4048 | D:5      | Reached skill level 7 in Axes
  4073 | D:5      | 4073 ||| FLEEEEING.
  4074 | D:5      | 4074 ||| FLEEEEING.
  4078 | D:5      | 4078 ||| FLEEEEING.
  4079 | D:5      | 4079 ||| FLEEEEING.
  4296 | D:5      | Found a staircase to the Ecumenical Temple.
  4297 | D:5      | 4297 ||| PLANNING TEMPLE
  4297 | D:5      | 4297 ||| READING 3 scrolls of identify.
  4297 | D:5      | 4297 ||| IDENTIFYING fuming red potion
  4298 | D:5      | 4298 ||| READING 2 scrolls of identify.
  4298 | D:5      | 4298 ||| IDENTIFYING sedimented emerald potion
  4299 | D:5      | 4299 ||| DROPPING potion of flight.
  4300 | D:5      | 4300 ||| DROPPING potion of brilliance.
  4309 | Temple   | Entered the Ecumenical Temple
  4338 | Temple   | 4338 ||| PLANNING OKAWARU WORSHIP
  4459 | Temple   | 4459 ||| READING 2 scrolls of identify.
  4459 | Temple   | 4459 ||| IDENTIFYING murky red potion
  4464 | Temple   | Became a worshipper of Warmaster Okawaru
  4465 | Temple   | 4465 ||| PLANNING D:1-11
  4727 | D:6      | Noticed Grinder
  4729 | D:6      | 4729 ||| Stepping ~*~*~tactically~*~*~ (hiding).
  4730 | D:6      | 4730 ||| Stepping ~*~*~tactically~*~*~ (hiding).
  4743 | D:6      | Killed Grinder
  4744 | D:6      | Reached XP level 8. HP: 38/51 MP: 8/8
  4841 | D:6      | Reached skill level 1 in Throwing
  4891 | D:6      | 4891 ||| Stepping ~*~*~tactically~*~*~ (stealth).
  4896 | D:6      | 4896 ||| Stepping ~*~*~tactically~*~*~ (stealth).
  4898 | D:6      | 4898 ||| Stepping ~*~*~tactically~*~*~ (stealth).
  4912 | D:6      | Reached * piety under Okawaru
  4955 | D:6      | Reached skill level 1 in Invocations
  5057 | D:6      | 5057 ||| Stepping ~*~*~tactically~*~*~ (stealth).
  5077 | D:6      | 5077 ||| INVOKING Heroism.
  5079 | D:6      | Reached skill level 8 in Axes
  5089 | D:6      | Reached skill level 3 in Invocations
  5194 | D:6      | 5194 ||| READING scroll of enchant armour.
  5194 | D:6      | 5194 ||| ENCHANTING +0 pair of gloves.
  5238 | D:6      | Found Olor's General Store.
  5249 | D:6      | 5249 ||| BUYING ring of resist corrosion (220 gold).
  5249 | D:6      | Bought a ring of resist corrosion for 220 gold pieces
  5249 | D:6      | 5249 ||| BUYING scroll of identify (22 gold).
  5249 | D:6      | Bought a scroll of identify for 22 gold pieces
  5305 | D:6      | 5305 ||| INVOKING Heroism.
  5312 | D:6      | Reached skill level 6 in Fighting
  5320 | D:6      | 5320 ||| DRINKING 3 potions of curing.
  5320 | D:6      | 5320 ||| (to cure confusion)
  5322 | D:6      | Reached ** piety under Okawaru
  5396 | D:6      | 5396 ||| Stepping ~*~*~tactically~*~*~ (hiding).
  5397 | D:6      | 5397 ||| Stepping ~*~*~tactically~*~*~ (hiding).
  5402 | D:6      | 5402 ||| INVOKING Heroism.
  5405 | D:6      | Reached XP level 9. HP: 55/55 MP: 8/12
  5435 | D:6      | 5435 ||| DROPPING +0 flail.
  5713 | D:6      | 5713 ||| UPGRADING to +0 kite shield.
  5723 | D:6      | 5723 ||| DROPPING +0 buckler.
  5724 | D:6      | 5724 ||| UPGRADING to ring of resist corrosion.
  5725 | D:6      | 5725 ||| READING scroll labelled FOEGU ALEYB.
  5726 | D:6      | 5726 ||| READING 3 scrolls of identify.
  5726 | D:6      | 5726 ||| IDENTIFYING pink potion
  5727 | D:6      | 5727 ||| READING 2 scrolls of identify.
  5727 | D:6      | 5727 ||| IDENTIFYING lumpy dark potion
  5728 | D:6      | 5728 ||| DROPPING potion of berserk rage.
  5806 | D:5      | 5806 ||| INVOKING Heroism.
  5927 | D:5      | 5927 ||| Stepping ~*~*~tactically~*~*~ (stealth).
  5930 | D:5      | 5930 ||| INVOKING Heroism.
  5965 | D:5      | 5965 ||| Stepping ~*~*~tactically~*~*~ (stealth).
  6016 | D:5      | 6016 ||| INVOKING Heroism.
  6187 | D:5      | You fall into a shaft and drop 1 floor!
  6256 | D:5      | 6256 ||| UPGRADING to amulet of reflection.
  6324 | D:7      | Reached skill level 6 in Shields
  6358 | D:7      | Noticed Dowan
  6359 | D:7      | 6359 ||| INVOKING Heroism.
  6365 | D:7      | Noticed Duvessa
  6367 | D:7      | Killed Dowan
  6379 | D:7      | Killed Duvessa
  6568 | D:7      | 6568 ||| Stepping ~*~*~tactically~*~*~ (stealth).
  6575 | D:7      | 6575 ||| Stepping ~*~*~tactically~*~*~ (stealth).
  6577 | D:7      | 6577 ||| Stepping ~*~*~tactically~*~*~ (stealth).
  6583 | D:7      | 6583 ||| Stepping ~*~*~tactically~*~*~ (stealth).
  6584 | D:7      | 6584 ||| Stepping ~*~*~tactically~*~*~ (stealth).
  6738 | D:7      | 6738 ||| DROPPING +3 flail.
  6827 | D:7      | 6827 ||| INVOKING Heroism.
  6831 | D:7      | Noticed Menkaure
  6847 | D:7      | Killed Menkaure
  7313 | D:7      | 7313 ||| UPGRADING to ring of willpower.
  7315 | D:7      | 7315 ||| READING 2 scrolls labelled BOPAEFF UMOUCEP.
  7316 | D:7      | 7316 ||| DROPPING scroll of amnesia.
  7371 | D:8      | Reached skill level 9 in Axes
  7375 | D:8      | 7375 ||| Stepping ~*~*~tactically~*~*~ (hiding).
  7381 | D:8      | Reached XP level 10. HP: 54/61 MP: 13/13
  7384 | D:8      | Noticed Maurice
  7385 | D:8      | 7385 ||| Stepping ~*~*~tactically~*~*~ (hiding).
  7385 | D:8      | Found Koodd's Firing Range.
  7408 | D:8      | Killed Maurice
  7408 | D:8      | Reached *** piety under Okawaru
  7510 | D:8      | 7510 ||| Stepping ~*~*~tactically~*~*~ (stealth).
  7523 | D:8      | 7523 ||| INVOKING Heroism.
  7542 | D:8      | 7542 ||| Stepping ~*~*~tactically~*~*~ (stealth).
  7544 | D:8      | 7544 ||| Stepping ~*~*~tactically~*~*~ (stealth).
  7545 | D:8      | 7545 ||| Stepping ~*~*~tactically~*~*~ (stealth).
  7558 | D:8      | 7558 ||| Stepping ~*~*~tactically~*~*~ (stealth).
  7559 | D:8      | 7559 ||| Stepping ~*~*~tactically~*~*~ (stealth).
  7660 | D:8      | Found a staircase to the Lair.
  7663 | D:8      | Noticed a death yak
  7663 | D:8      | Noticed a death yak
  7664 | D:8      | 7664 ||| INVOKING Heroism.
  7664 | D:8      | Noticed a death yak
  7665 | D:8      | Noticed a death yak
  7665 | D:8      | Noticed a death yak
  7665 | D:8      | Noticed a death yak
  7666 | D:8      | 7666 ||| Stepping ~*~*~tactically~*~*~ (stealth).
  7667 | D:8      | 7667 ||| Stepping ~*~*~tactically~*~*~ (stealth).
  7668 | D:8      | 7668 ||| Stepping ~*~*~tactically~*~*~ (stealth).
  7669 | D:8      | 7669 ||| Stepping ~*~*~tactically~*~*~ (stealth).
  7672 | D:8      | 7672 ||| Stepping ~*~*~tactically~*~*~ (stealth).
  7678 | D:8      | 7678 ||| INVOKING Heroism.
  7678 | D:8      | HP: 11/63 [death yak (10)]
  7679 | D:8      | 7679 ||| READING scroll of teleportation.
  7680 | D:8      | 7680 ||| DRINKING 3 potions of heal wounds.
  7680 | D:8      | HP: 3/63 [death yak (16)]
  7681 | D:8      | 7681 ||| DRINKING 2 potions of heal wounds.
  7682 | D:8      | 7682 ||| DRINKING potion of heal wounds.
  7953 | D:8      | 7953 ||| INVOKING Heroism.
  7969 | D:8      | Killed a death yak
  7970 | D:8      | 7970 ||| INVOKING Heroism.
  7973 | D:8      | Slain by a death yak

Levels and vault maps discovered:
D:1:      dpeg_arrival_pits, layout_rooms, dreamdust_ecumenical_altar_statues,
          serial_glass, glass_columns_c, glass_columns_b, glass_columns_a,
          glass_columns_b, glass_columns_a, glass_columns_a, glass_columns_b,
          glass_columns_c, glass_columns_a, glass_columns_b, glass_columns_b,
          glass_columns_a, glass_columns_a, glass_columns_a
D:2:      layout_loops_cross, uniq_robin
D:3:      layout_basic, uniq_crazy_yiuf_cottage
D:4:      minmay_diamond_boxcup, layout_rooms
D:5:      layout_basic, minmay_temple_entry_offerings
D:6:      layout_cave_pods, serial_shops, shop, uniq_grinder
D:7:      layout_loops_ring, uniq_duvessa, uniq_menkaure
D:8:      layout_loops_cross, kennysheep_mini_moat, dpeg_lair_monsters,
          chequers_serial_rivers_marsh, nicolae_shop_firing_range, uniq_maurice
Temple:   nicolae_temple_bog_church

Skill      XL: |  1  2  3  4  5  6  7  8  9 10 |
---------------+-------------------------------+-----
Axes           | 2 3 4 5 6 7 8 9 |  9.0
Dodging        | 1 |  1.0
Fighting       | 4 5 6 7 |  7.5
Throwing       | 1 |  1.3
Invocations    | 4 |  4.0
Armour         | 4 5 |  5.8
Shields        | 8 |  8.6

Action                   |  1- 3 |  4- 6 |  7- 9 | 10-12 || total
-------------------------+-------+-------+-------+-------++-------
Melee: War axe           |   116 |   170 |   221 |    59 ||   566
Throw: Boomerang         |       |     6 |    21 |    17 ||    44
       Javelin           |       |       |       |     2 ||     2
Invok: Heroism           |       |       |     8 |     5 ||    13
  Use: Scroll            |     4 |    11 |     8 |     1 ||    24
       Potion            |     2 |     1 |     1 |     3 ||     7
Armor: Scale mail        |    75 |    92 |       |       ||   167
       Chain mail        |       |    14 |    86 |    32 ||   132
Dodge: Dodged            |    42 |    79 |    65 |    11 ||   197
Block: Buckler           |    23 |    25 |    25 |       ||    73
       Kite shield       |       |       |    71 |    43 ||   114
       Reflection        |       |       |     4 |       ||     4

Table legend:
 A = Non-vault XP
 B = Vault XP
 C = Vault XP percentage of total XP
 D = Non-vault monster count
 E = Vault monster count
 F = Vault count percentage of total count
                 A         B        C        D         E       F
            +---------+---------+-------+---------+---------+-------
      Total |    4344 |    2138 |  33.0 |     153 |      32 |  17.3
            +---------+---------+-------+---------+---------+-------
        D:1 |      37 |       0 |   0.0 |      24 |       0 |   0.0
        D:2 |      53 |      37 |  41.1 |      12 |      12 |  50.0
        D:3 |      38 |       0 |   0.0 |      13 |       0 |   0.0
        D:4 |     228 |     155 |  40.5 |      16 |      11 |  40.7
        D:5 |    1097 |       0 |   0.0 |      18 |       0 |   0.0
        D:6 |    1127 |     286 |  20.2 |      29 |       1 |   3.3
        D:7 |     997 |     380 |  27.6 |      21 |       3 |  12.5
        D:8 |     767 |    1280 |  62.5 |      20 |       5 |  20.0
            +---------+---------+-------+---------+---------+-------
